 Dungeon Crawl Stone Soup version 0.26.1-11-gd32895ea62 (webtiles) character file.

Game seed: 7299430320977609105

4 Acheron the Vexing (level 1, 0/12 HPs)
             Began as a Gargoyle Arcane Marksman on July 5, 2021.
             Slain by a jackal (2 damage)
             ... on level 1 of the Dungeon.
             The game lasted 00:01:23 (297 turns).

Acheron the Vexing (Gargoyle Arcane Marksman)        Turns: 297, Time: 00:01:25

Health: 0/12       AC:  4    Str: 13    XL:     1   Next: 70%
Magic:  2/2        EV: 12    Int: 13    God:
Gold:   0          SH:  0    Dex: 10    Spells: 1/2 levels left

rFire    . . .     SeeInvis .   b - +0 hand axe
rCold    . . .     Faith    .   (no shield)
rNeg     + . .     Spirit   .   e - +0 robe
rPois    ∞         Reflect  .   (no helmet)
rElec    +         Harm     .   (no cloak)
rCorr    .         Rampage  .   (no gloves)
Will     .....                  (no boots)
Stlth    +.........             (no amulet)
HPRegen  0.04/turn              (no ring)
MPRegen  0.08/turn              (no ring)

@: no status effects
A: negative energy resistance 1, electricity resistance, unbreathing,
petrification resistance, miasma immunity, AC +2
a: no special abilities


You were on level 1 of the Dungeon.
You visited 1 branch of the dungeon, and saw 2 of its levels.

Inventory:

Hand Weapons
 a - a +0 hand crossbow
 b - a +0 hand axe (weapon)
Missiles
 d - 20 bolts
Armour
 e - a +0 robe (worn)
Potions
 c - a potion of haste {unknown}
 h - a potion of brilliance {unknown}


   Skills:
 * Level 1.2 Fighting
 + Level 2.0 Crossbows
 + Level 1.5 Dodging
 + Level 1.0 Spellcasting
 + Level 3.0 Hexes


You had one spell level left.
You knew the following spells:

 Your Spells              Type           Power        Failure   Level
a - Corona                Hex            8%           9%          1

Your spell library contained the following spells:

 Spells                   Type           Power        Failure   Level
 Slow                     Hex            8%           12%         2
 Inner Flame              Hex/Fire       4%           41%         3
 Portal Projectile        Hex/Tloc       8%           41%         3
 Cause Fear               Hex            4%           63%         4
 Leda's Liquefaction      Hex/Erth       2%           83%         4


Dungeon Overview and Level Annotations

Branches:
Dungeon (2/15)

Altars:


Innate Abilities, Weirdness & Mutations

You are resistant to torment.
Your stone body is resilient. (AC +2)
You are immune to poison.
You resist negative energy. (rN+)
You are resistant to electric shocks. (rElec)
You can survive without breathing.
You are immune to petrification.
You are immune to miasma.


Message History

The jackal misses you.
The jackal bites you but does no damage.
The jackal bites you.
* * * LOW HITPOINT WARNING * * *
You hit the jackal but do no damage.
The jackal is almost dead.
You closely miss the jackal. The jackal closely misses you. x2
The jackal completely misses you. The jackal barely misses you.
You barely miss the jackal.
The jackal is almost dead.
You hit the jackal. The jackal barely misses you.
The jackal bites you but does no damage.
The jackal misses you. The jackal completely misses you.
You barely miss the jackal.
The jackal is almost dead.
You closely miss the jackal.
The jackal bites you but does no damage.
The jackal closely misses you. The jackal barely misses you.
The jackal bites you.
You die...

#### ...# ...# ...# ...#
#####h..# #...@h.># ###
#.####+#####.#
#.##.........#
#.##....####.######.
#.##................
####.####.##....####.#######
....#.....#.#### #.#
#...#.#####.# #.#
#...#.#####.## #.##


You could see 2 jackals.

Vanquished Creatures
  A bat (D:1)
  A jackal (D:1)
  A kobold (D:1)
  A rat (D:1)
4 creatures vanquished.

Vanquished Creatures (others)
  2 plants (D:1)
2 creatures vanquished.

Grand Total: 6 creatures vanquished

Notes
Turn   | Place    | Note
-------+----------+-------------------------------------------
     0 | D:1      | Acheron the Gargoyle Arcane Marksman began the quest for
                  | the Orb.
     0 | D:1      | Reached XP level 1. HP: 12/12 MP: 2/2
   291 | D:1      | Reached skill level 3 in Hexes
   297 | D:1      | Slain by a jackal

Illustrated notes

Levels and vault maps discovered:
D:1:      saegor_arrival_simple_c, layout_basic, serial_bayou_lake_a
D:2:      kb_forest_paths, layout_loops_corners, vehumet_crystals,
          general_overflow_altar

Skill      XL: |  1 |
---------------+----+-----
Hexes          | 3 |  3.0
Fighting       | |  1.2
Crossbows      | |  2.0
Dodging        | |  1.5
Spellcasting   | |  1.0

Action                   || total
-------------------------++-------
Melee: Hand axe          ||    20
  Use: Scroll            ||     3
Armor: Robe              ||    16
Dodge: Dodged            ||    27
